 Dungeon Crawl Stone Soup version 0.21-a0-426-g98080a9 (webtiles) character file.

172 Ijustatesigmund the Sneak (level 5, 0/36 HPs)
             Began as an Octopode Enchanter on Nov 7, 2017.
             Slain by an iguana (10 damage)
             ... on level 4 of the Dungeon.
             The game lasted 00:05:34 (2327 turns).

Ijustatesigmund the Sneak (Octopode Enchanter)      Turns: 2327, Time: 00:05:34

Health: 0/36       AC:  1    Str:  7    XL:     5   Next: 52%
Magic:  8/8        EV: 13    Int: 17    God:
Gold:   129        SH:  0    Dex: 14    Spells: 5/8 levels left

rFire    . . .     SeeInvis .   d - +2 whip (vamp)
rCold    . . .     Gourm    .   (no shield)
rNeg     . . .     Faith    .   (helmet restricted)
rPois    .         Spirit   .   (no amulet)
rElec    .         Reflect  .   (no ring)
rCorr    .         Harm     .   (no ring)
MR       .....                  (no ring)
Stlth    +++.......             (no ring)
HPRegen  0.12/turn              (no ring)
MPRegen  0.11/turn              (no ring)
                                (no ring)
                                (no ring)

@: drained
A: almost no armour, stealthy swim, amphibious, 8 rings, constrict 8, camouflage
1, gelatinous body 1
a: no special abilities


You were on level 4 of the Dungeon.
You were not hungry.

You visited 1 branch of the dungeon, and saw 4 of its levels.

You collected 129 gold pieces.

Inventory:

Hand Weapons
 a - a +1 dagger
 d - a +2 vampiric whip (weapon)
 o - a cursed -2 short sword
Armour
 l - a +0 large shield
Jewellery
 f - an uncursed ring of ice
Scrolls
 j - a scroll of remove curse
Potions
 c - a potion of curing
 e - 2 potions of might
 k - a potion of ambrosia {unknown}
 m - a potion of cancellation {unknown}
 n - a potion of flight {unknown}
 p - a potion of magic {unknown}
Books
 b - a book of Maledictions

   Spells                             Type                      Level
   a - Corona                         Hexes                        1
   b - Ensorcelled Hibernation        Hexes/Ice                    2
   c - Confuse                        Hexes                        3
   d - Tukima's Dance                 Hexes                        3
   e - Dazzling Spray                 Conjuration/Hexes            3
Comestibles
 g - 2 bread rations
 h - a meat ration
 i - a royal jelly


   Skills:
 + Level 3.4(2.8) Fighting
 - Level 1.1(0.5) Short Blades
 + Level 3.3(2.8) Maces & Flails
 - Level 2.0(1.4) Dodging
 - Level 4.0(3.4) Stealth
 - Level 2.0(1.4) Spellcasting
 - Level 3.0(2.4) Hexes


You had 5 spell levels left.
You knew the following spells:

 Your Spells              Type           Power        Failure   Level  Hunger
a - Corona                Hex            #......      8%          1    ##.....
b - Ensorcelled Hibernat  Hex/Ice        #.....       19%         2    ###....


Dungeon Overview and Level Annotations

Branches:
Dungeon (4/15)
 Temple: D:4-7

Altars:
Ru
Wu Jian

Annotations:
D:3 Mathinus's ghost, amateur MfIE


Innate Abilities, Weirdness & Mutations

You cannot wear most types of armour.
You are very stealthy in the water. (Stealth+)
You are amphibious.
You can wear up to eight rings at the same time.
You can use your tentacles to constrict eight enemies at once.
Your skin changes colour to match your surroundings (Stealth+).
Your rubbery body absorbs attacks. (AC +1, EV +1)


Message History

You hit the iguana but do no damage.
The iguana is heavily wounded.
You constrict the iguana, but do no damage.
The iguana misses you.
You barely miss the iguana.
The iguana is heavily wounded.
You constrict the iguana. The iguana closely misses you.
You hit the iguana but do no damage. You squeeze the iguana.
The iguana is severely wounded.
You constrict the iguana, but do no damage.
The iguana barely misses you.
You hit the iguana but do no damage.
You squeeze the iguana, but do no damage.
The iguana is severely wounded.
You constrict the iguana. The iguana bites you!
* * * LOW HITPOINT WARNING * * *
You hit the iguana but do no damage. Your squeeze misses the iguana.
The iguana is almost dead.
You constrict the iguana. The iguana bites you!
You die...

### ..# #.#
######.#
#...##.#######.
#..............
#.#...##.######..
#...%@...#
#.##l#.#.#
.......#
#.##(#.#.# #
#.#.#.# #.#.#.#
#.#.#.# ......#


You could see an iguana.

Vanquished Creatures
  An orc priest (D:3)
  An orc wizard (D:3)
  Crazy Yiuf (D:2)
  An adder (D:2)
  A worm (D:2)
  8 orcs (D:3)
  2 ball pythons
  10 bats
  3 giant cockroaches (D:1)
  6 goblins
  6 hobgoblins
  3 jackals (D:1)
  5 kobolds
  2 quokkas (D:3)
  6 frilled lizards
  8 rats
64 creatures vanquished.

Notes
Turn   | Place    | Note
-------+----------+-------------------------------------------
     0 | D:1      | Ijustatesigmund the Octopode Enchanter began the quest for the Orb.
     0 | D:1      | Reached XP level 1. HP: 11/11 MP: 3/3
   157 | D:1      | Reached skill level 1 in Fighting
   157 | D:1      | Reached XP level 2. HP: 15/18 MP: 5/5
   165 | D:1      | Learned a level 2 spell: Ensorcelled Hibernation
   232 | D:1      | Reached skill level 1 in Maces & Flails
   415 | D:1      | Reached XP level 3. HP: 23/23 MP: 6/6
  1385 | D:2      | Found a runed door.
  1389 | D:2      | Noticed Crazy Yiuf
  1399 | D:2      | Killed Crazy Yiuf
  1399 | D:2      | Reached XP level 4. HP: 26/30 MP: 1/7
  1599 | D:3      | Noticed Mathinus's ghost (amateur MfIE)
  1954 | D:3      | Found an ornate altar of the Wu Jian Council.
  2010 | D:3      | Found a sacrificial altar of Ru.
  2019 | D:3      | Reached XP level 5. HP: 21/36 MP: 8/8
  2327 | D:4      | Slain by an iguana

Vault maps used:
D:1:      dpeg_chamrin_arrival_tetris
D:2:      kennysheep_another_room, uniq_crazy_yiuf_cottage
D:3:      lemuel_coloured_pillars_altar, nrook_mini_backslash, minivault_25,
          nicolae_ru_sacrificial_ziggurat
D:4:      minitemple, minmay_misc_feat_encased

Skill      XL: |  1  2  3  4 |
---------------+-------------+-----
Fighting       | 1 2 3 |  3.4
Maces & Flails | 1 2 3 |  3.3
Short Blades   | |  1.1
Dodging        | |  2.0
Stealth        | |  4.0
Spellcasting   | |  2.0
Hexes          | |  3.0

Action                   |  1- 3 |  4- 6 || total
-------------------------+-------+-------++-------
Melee: Whip              |    82 |    65 ||   147
       Constrict         |    19 |    17 ||    36
       Tentacles         |    11 |    14 ||    25
       Dagger            |     1 |       ||     1
 Cast: Ensorcelled Hiber |     1 |       ||     1
  Use: Scroll            |     3 |     1 ||     4
       Potion            |       |     1 ||     1
 Stab: Sleeping          |    21 |     5 ||    26
  Eat: Bread ration      |     1 |       ||     1
       Chunk             |     1 |     4 ||     5
Armor: Skin              |     6 |       ||     6
Dodge: Dodged            |    46 |    30 ||    76

Table legend:
 A = Spawn XP
 B = Non-spawn XP
 C = Spawn XP percentage of total XP
 D = Spawn monster count
 E = Non-spawn monster count
 F = Spawn count percentage of total count
 G = Total turns spent on level
                    A         B        C        D         E        F      G
               +---------+---------+-------+---------+---------+-------+---------
         Total |       0 |     246 |   0.0 |       0 |      64 |   0.0 |  2327
               +---------+---------+-------+---------+---------+-------+---------
           D:1 |       0 |      47 |   0.0 |       0 |      29 |   0.0 |  1074
           D:2 |       0 |      80 |   0.0 |       0 |      18 |   0.0 |   568
           D:3 |       0 |     119 |   0.0 |       0 |      17 |   0.0 |   669
               +---------+---------+-------+---------+---------+-------+---------
